TOP OF THE 1ST |
Fresno State University Bulldogs batting - Pitching for UCLA Bruins : RHP Billy McKinzie
|
Pitching: RHP Billy McKinzie
|
|
Batting: RHB Andy Villarreal
|
0-0: Ball 1-0: Ball 2-0: Ball 3-0: Called Strike 3-1: Base on Balls
|
Batting: LHB Chris Viehman
|
0-0: Called Strike 0-1: Ball 1-1: Ball 2-1: Foul Ball, location: 2F 2-2: Ball 3-2: Grounds into double play, 4-6-3 (Groundball, 34, EV 105.6 MPH)
|
Batting: LHB Ricardo Sandoval
|
0-0: Ball 1-0: Called Strike 1-1: Foul Ball, location: 2F 1-2: Ball 2-2: Ball 3-2: Ground out 6-3 (Groundball, 6, EV 76.9 MPH)
|
Top of the 1st over - 0 runs, 0 hits, 0 errors, 0 left on base; Fresno State University 0 - UCLA 0 |
BOTTOM OF THE 1ST |
UCLA Bruins batting - Pitching for Fresno State University Bulldogs : RHP Bob Bychyk
|
Pitching: RHP Bob Bychyk
|
|
Batting: RHB Hidesuke Yoshida
|
0-0: Foul Ball, location: 2F 0-1: Called Strike 0-2: Strikes out swinging
|
Batting: RHB Benedikt Fleischmann
|
0-0: Ball 1-0: Ball 2-0: Ground out 4-3 (Groundball, 4, EV 84.4 MPH)
|
Batting: RHB Juan Carrillo
|
0-0: Ball 1-0: Called Strike 1-1: Ball 2-1: SINGLE (Groundball, 25, EV 73.8 MPH) (infield hit)
|
Batting: RHB Xavier Reeves
|
0-0: Ball Wild Pitch! Juan Carrillo to second 1-0: Ball 2-0: SINGLE (Line Drive, 8RS, EV 100.6 MPH) Juan Carrillo to third Runner from 3rd tries for Home, SAFE, throw by CF to home
|
Batting: RHB Angel Melendez
|
0-0: Ball 1-0: Ball 2-0: Called Strike 2-1: Ball 3-1: Base on Balls Xavier Reeves to second
|
Batting: SHB Sean Munns
|
0-0: Swinging Strike 0-1: Called Strike 0-2: Strikes out swinging
|
Bottom of the 1st over - 1 run, 2 hits, 0 errors, 2 left on base; Fresno State University 0 - UCLA 1 |
TOP OF THE 2ND |
Fresno State University Bulldogs batting - Pitching for UCLA Bruins : RHP Billy McKinzie
|
Batting: RHB Adam Angeles
|
0-0: Ball 1-0: Ball 2-0: Called Strike 2-1: Ground out 6-3 (Groundball, 6, EV 89.4 MPH)
|
Batting: LHB Kevin Feldman
|
0-0: Ball 1-0: Fly out, F9 (Flyball, 9, EV 91.9 MPH)
|
Batting: RHB Homer Petropoulos
|
0-0: Ball 1-0: Ball 2-0: Fly out, F9 (Flyball, 89S, EV 90.6 MPH)
|
Top of the 2nd over - 0 runs, 0 hits, 0 errors, 0 left on base; Fresno State University 0 - UCLA 1 |
BOTTOM OF THE 2ND |
UCLA Bruins batting - Pitching for Fresno State University Bulldogs : RHP Bob Bychyk
|
Batting: RHB Issac Konol
|
0-0: Fly out, F9 (Line Drive, 9, EV 83.1 MPH)
|
Batting: LHB Mark Cummings
|
0-0: Ball 1-0: Called Strike 1-1: Foul Ball, location: 2F 1-2: Strikes out swinging
|
Batting: RHB Carlos Murillo
|
0-0: Fly out, F8 (Flyball, 8LM, EV 86.9 MPH)
|
Bottom of the 2nd over - 0 runs, 0 hits, 0 errors, 0 left on base; Fresno State University 0 - UCLA 1 |
TOP OF THE 3RD |
Fresno State University Bulldogs batting - Pitching for UCLA Bruins : RHP Billy McKinzie
|
Batting: RHB Pete Goerge
|
0-0: Ball 1-0: Ground out 5-3 (Groundball, 56, EV 85.6 MPH)
|
Batting: RHB Javier Brizuela
|
0-0: Ball 1-0: Ball 2-0: Called Strike 2-1: Ball 3-1: Base on Balls
|
Batting: RHB Xin Zhang
|
0-0: Called Strike 0-1: Foul Ball, location: 2F 0-2: Foul Ball, location: 2F 0-2: Ball 1-2: Ball 2-2: Strikes out swinging
|
Batting: RHB Andy Villarreal
|
0-0: Ball 1-0: Called Strike 1-1: Called Strike 1-2: Fielders Choice at 2nd, 6-4 (Groundball, 6, EV 88.8 MPH)
|
Top of the 3rd over - 0 runs, 0 hits, 0 errors, 1 left on base; Fresno State University 0 - UCLA 1 |
BOTTOM OF THE 3RD |
UCLA Bruins batting - Pitching for Fresno State University Bulldogs : RHP Bob Bychyk
|
Batting: RHB Hidesuke Yoshida
|
0-0: Ball 1-0: Foul Ball, location: 2F 1-1: Ground out 6-3 (Groundball, 6M, EV 79.4 MPH)
|
Batting: RHB Benedikt Fleischmann
|
0-0: Swinging Strike 0-1: Called Strike 0-2: Strikes out swinging
|
Batting: RHB Juan Carrillo
|
0-0: Ball 1-0: Called Strike 1-1: Ground out 6-3 (Groundball, 6, EV 91.2 MPH)
|
Bottom of the 3rd over - 0 runs, 0 hits, 0 errors, 0 left on base; Fresno State University 0 - UCLA 1 |
TOP OF THE 4TH |
Fresno State University Bulldogs batting - Pitching for UCLA Bruins : RHP Billy McKinzie
|
Batting: LHB Chris Viehman
|
0-0: Ball 1-0: SINGLE (Groundball, 56D, EV 101.2 MPH)
|
Batting: LHB Ricardo Sandoval
|
0-0: Ball 1-0: Ball 2-0: Ball 3-0: Base on Balls Chris Viehman to second
|
Batting: RHB Adam Angeles
|
0-0: 3-RUN HOME RUN (Flyball, 7LD, EV 93.1 MPH), Distance : 351 ft
|
Batting: LHB Kevin Feldman
|
0-0: Called Strike 0-1: Ball 1-1: SINGLE (Groundball, 13, EV 87.5 MPH) (infield hit)
|
Batting: RHB Homer Petropoulos
|
0-0: 2-RUN HOME RUN (Flyball, 78XD, EV 111.9 MPH), Distance : 430 ft
|
Pitching: RHP Juan Zatarain
|
|
Batting: RHB Pete Goerge
|
0-0: Ball 1-0: Swinging Strike 1-1: Swinging Strike 1-2: Ball 2-2: Strikes out swinging
|
Batting: RHB Javier Brizuela
|
0-0: Ball 1-0: Called Strike 1-1: Foul Ball, location: 2F 1-2: Strikes out swinging
|
Batting: RHB Xin Zhang
|
0-0: Swinging Strike 0-1: Foul Ball, location: 2F 0-2: Ball 1-2: Ball 2-2: Foul Ball, location: 2F 2-2: Ground out 6-3 (Groundball, 6S, EV 73.1 MPH)
|
Top of the 4th over - 5 runs, 4 hits, 0 errors, 0 left on base; Fresno State University 5 - UCLA 1 |
BOTTOM OF THE 4TH |
UCLA Bruins batting - Pitching for Fresno State University Bulldogs : RHP Bob Bychyk
|
Batting: RHB Xavier Reeves
|
0-0: Ball 1-0: Ball 2-0: Ball 3-0: Base on Balls
|
Batting: RHB Angel Melendez
|
0-0: Foul Ball, location: 2F 0-1: Ball 1-1: Foul Ball, location: 2F 1-2: Fly out, F7 (Line Drive, 7, EV 102.5 MPH)
|
Batting: SHB Sean Munns
|
0-0: Called Strike Xavier Reeves steals 2nd, throwing error, E2 Xavier Reeves to third 0-1: Swinging Strike 0-2: Ground out 4-3 (Groundball, 4, EV 91.2 MPH) Xavier Reeves scores
|
Batting: RHB Issac Konol
|
0-0: Called Strike 0-1: Ball 1-1: Ground out 6-3 (Groundball, 6, EV 88.1 MPH)
|
Bottom of the 4th over - 1 run, 0 hits, 1 error, 0 left on base; Fresno State University 5 - UCLA 2 |
TOP OF THE 5TH |
Fresno State University Bulldogs batting - Pitching for UCLA Bruins : RHP Juan Zatarain
|
Batting: RHB Andy Villarreal
|
0-0: Swinging Strike 0-1: Ball 1-1: Fly out, F4 (Line Drive, 4, EV 70.0 MPH)
|
Batting: LHB Chris Viehman
|
0-0: Called Strike 0-1: Swinging Strike 0-2: Strikes out swinging
|
Batting: LHB Ricardo Sandoval
|
0-0: Swinging Strike 0-1: Swinging Strike 0-2: Ball 1-2: Strikes out swinging
|
Top of the 5th over - 0 runs, 0 hits, 0 errors, 0 left on base; Fresno State University 5 - UCLA 2 |
BOTTOM OF THE 5TH |
UCLA Bruins batting - Pitching for Fresno State University Bulldogs : RHP Bob Bychyk
|
Batting: LHB Mark Cummings
|
0-0: Ball 1-0: Foul Ball, location: 2F 1-1: Ball 2-1: Ball 3-1: Base on Balls
|
Batting: RHB Carlos Murillo
|
0-0: Grounds into double play, U6-3 (Groundball, 4M, EV 81.9 MPH)
|
Batting: RHB Hidesuke Yoshida
|
0-0: Ball 1-0: Ball 2-0: Called Strike 2-1: Foul Ball, location: 2F 2-2: Fly out, F8 (Flyball, 8RM, EV 78.1 MPH)
|
Bottom of the 5th over - 0 runs, 0 hits, 0 errors, 0 left on base; Fresno State University 5 - UCLA 2 |
TOP OF THE 6TH |
Fresno State University Bulldogs batting - Pitching for UCLA Bruins : RHP Juan Zatarain
|
Batting: RHB Adam Angeles
|
0-0: Foul Ball, location: 2F 0-1: Ball 1-1: Ball 2-1: Ball 3-1: Base on Balls
|
Pitching: RHP Quincy Bowen
|
|
Batting: LHB Kevin Feldman
|
0-0: Fly out, F8 (Flyball, 8LS, EV 78.1 MPH)
|
Batting: RHB Homer Petropoulos
|
0-0: Foul Ball, location: 2F 0-1: Fielders Choice at 2nd, 3-6 (Groundball, 34S, EV 83.1 MPH)
|
Batting: RHB Pete Goerge
|
0-0: Ball 1-0: Ball 2-0: Called Strike 2-1: Ball 3-1: Called Strike 3-2: Base on Balls Homer Petropoulos to second
|
Batting: RHB Javier Brizuela
|
0-0: Ball 1-0: SINGLE (Flyball, 8RS, EV 96.9 MPH) Homer Petropoulos to third Pete Goerge to second Runner from 3rd tries for Home, throw by CF and OUT! 8-2
|
Top of the 6th over - 0 runs, 1 hit, 0 errors, 2 left on base; Fresno State University 5 - UCLA 2 |
BOTTOM OF THE 6TH |
UCLA Bruins batting - Pitching for Fresno State University Bulldogs : RHP Bob Bychyk
|
Batting: RHB Benedikt Fleischmann
|
0-0: Foul Ball, location: 2F 0-1: Ball 1-1: Called Strike 1-2: Ball 2-2: Foul Ball, location: 2F 2-2: Ball 3-2: Base on Balls
|
Batting: RHB Juan Carrillo
|
0-0: Ball 1-0: Called Strike 1-1: Foul Ball, location: 2F 1-2: Ball 2-2: Foul Ball, location: 2F 2-2: Ball 3-2: Foul Ball, location: 2F 3-2: Base on Balls Benedikt Fleischmann to second
|
Pitching: LHP Nick Chappell
|
|
Batting: RHB Xavier Reeves
|
0-0: Called Strike 0-1: Ball 1-1: Grounds into double play, 6-4-3 (Groundball, 6, EV 88.8 MPH) Benedikt Fleischmann to third
|
Batting: RHB Michael Alvarado
|
0-0: Called Strike 0-1: Foul Ball, location: 2F 0-2: Ball 1-2: Ground out 1-3 (Groundball, 34S, EV 69.4 MPH)
|
Bottom of the 6th over - 0 runs, 0 hits, 0 errors, 1 left on base; Fresno State University 5 - UCLA 2 |
TOP OF THE 7TH |
Fresno State University Bulldogs batting - Pitching for UCLA Bruins : RHP Quincy Bowen
|
Batting: RHB Xin Zhang
|
0-0: Ball 1-0: SINGLE (Groundball, 4MD, EV 103.1 MPH)
|
Batting: RHB Andy Villarreal
|
0-0: Called Strike 0-1: Foul Ball, location: 2F 0-2: Strikes out swinging
|
Batting: LHB Chris Viehman
|
0-0: Ball 1-0: Grounds into double play, 4-6-3 (Groundball, 4, EV 83.1 MPH)
|
Top of the 7th over - 0 runs, 1 hit, 0 errors, 0 left on base; Fresno State University 5 - UCLA 2 |
BOTTOM OF THE 7TH |
UCLA Bruins batting - Pitching for Fresno State University Bulldogs : LHP Nick Chappell
|
Batting: SHB Sean Munns
|
0-0: Ball 1-0: Ball 2-0: Called Strike 2-1: Foul Ball, location: 2F 2-2: Ball 3-2: SINGLE (Groundball, 6MD, EV 103.8 MPH)
|
Batting: RHB Issac Konol
|
0-0: Ball 1-0: Called Strike 1-1: Ball 2-1: Foul Ball, location: 2F 2-2: Ball 3-2: DOUBLE (Line Drive, 7LS, EV 107.5 MPH) Sean Munns to third
|
Batting: LHB Mark Cummings
|
0-0: Foul Ball, location: 2F 0-1: Ball 1-1: Swinging Strike 1-2: Strikes out swinging
|
Pitching: LHP Berry Caron
|
|
Batting: RHB Carlos Murillo
|
0-0: Ground out U3 (Groundball, 34S, EV 90.6 MPH) Sean Munns scores Issac Konol to third
|
Pinch Hitting: RHB Ken Hillman
|
0-0: Ball 1-0: Ball 2-0: Called Strike 2-1: Called Strike 2-2: Foul Ball, location: 2F 2-2: Foul Ball, location: 2F 2-2: Foul Ball, location: 2F 2-2: Foul Ball, location: 2F 2-2: SINGLE (Groundball, 6D, EV 96.9 MPH) Issac Konol scores
|
Pinch Hitting: LHB Bill Helmer
|
0-0: Foul Ball, location: 2F 0-1: Ball 1-1: Foul Ball, location: 2F 1-2: Ball 2-2: Ball 3-2: Fly out, F7 (Flyball, 7LMF, EV 96.2 MPH)
|
Bottom of the 7th over - 2 runs, 3 hits, 0 errors, 1 left on base; Fresno State University 5 - UCLA 4 |
TOP OF THE 8TH |
Fresno State University Bulldogs batting - Pitching for UCLA Bruins : RHP Quincy Bowen
|
Pitching: LHP Honor Munoz
|
|
Now in CF: Bill Helmer
|
|
Now in RF: Scott Mullett
|
|
Batting: LHB Ricardo Sandoval
|
0-0: Ball 1-0: SINGLE (Groundball, 34D, EV 103.1 MPH)
|
Batting: RHB Adam Angeles
|
0-0: Ball 1-0: Ball 2-0: Foul Ball, location: 2F 2-1: Swinging Strike 2-2: Foul Ball, location: 2F 2-2: Single, Error in OF, E8, batter to second base (Groundball, 6D, EV 100.0 MPH) Ricardo Sandoval to third
|
Batting: LHB Kevin Feldman
|
0-0: Called Strike 0-1: Ball 1-1: Foul Ball, location: 2F 1-2: Strikes out swinging
|
Batting: RHB Homer Petropoulos
|
0-0: Intentional Walk
|
Batting: RHB Pete Goerge
|
0-0: Ball 1-0: Called Strike 1-1: Ball 2-1: Foul Ball, location: 2F 2-2: Fly out, F8 (Flyball, 8LS, EV 91.2 MPH) Runner from 3rd tags up, SCORES, throw by CF
|
Batting: RHB Javier Brizuela
|
0-0: Called Strike 0-1: Ball 1-1: Foul Ball, location: 2F 1-2: Foul Ball, location: 2F 1-2: Ball 2-2: Strikes out swinging
|
Top of the 8th over - 1 run, 2 hits, 1 error, 2 left on base; Fresno State University 6 - UCLA 4 |
BOTTOM OF THE 8TH |
UCLA Bruins batting - Pitching for Fresno State University Bulldogs : LHP Berry Caron
|
Pitching: LHP Craig Courcha
|
|
Batting: RHB Juan Carrillo
|
0-0: Called Strike 0-1: Ball 1-1: Ball 2-1: Foul Ball, location: 2F 2-2: Foul Ball, location: 2F 2-2: SINGLE (Line Drive, 3D, EV 94.4 MPH)
|
Batting: RHB Xavier Reeves
|
0-0: Ball 1-0: Swinging Strike 1-1: Called Strike 1-2: Ball 2-2: Foul Ball, location: 2F 2-2: SINGLE (Groundball, 6MS, EV 83.1 MPH) (infield hit) Juan Carrillo to second
|
Batting: RHB Michael Alvarado
|
0-0: Ball 1-0: Grounds into double play, 6-4-3 (Groundball, 6, EV 105.0 MPH) Juan Carrillo to third
|
Batting: SHB Sean Munns
|
0-0: Called Strike 0-1: Ball 1-1: Ball 2-1: Ball 3-1: SINGLE (Line Drive, 4D, EV 100.6 MPH) Juan Carrillo scores
|
Batting: RHB Issac Konol
|
0-0: Ball 1-0: Foul Ball, location: 2F 1-1: Foul Ball, location: 2F 1-2: Ball 2-2: Ball 3-2: Strikes out swinging
|
Bottom of the 8th over - 1 run, 3 hits, 0 errors, 1 left on base; Fresno State University 6 - UCLA 5 |
TOP OF THE 9TH |
Fresno State University Bulldogs batting - Pitching for UCLA Bruins : LHP Honor Munoz
|
Pitching: RHP Kyle Mann
|
|
Pinch Hitting: RHB John Carpenter
|
0-0: Foul Ball, location: 2F 0-1: Ball 1-1: Ball 2-1: Ball 3-1: Fly out, F8 (Flyball, 8RD, EV 87.5 MPH)
|
Batting: RHB Andy Villarreal
|
0-0: Called Strike 0-1: Foul Ball, location: 2F 0-2: SINGLE (Line Drive, 56D, EV 98.1 MPH)
|
Batting: LHB Chris Viehman
|
0-0: Ball 1-0: Ball 2-0: Called Strike 2-1: Foul Ball, location: 2F 2-2: Fielders Choice at 2nd, 3-6 (Groundball, 3, EV 100.6 MPH)
|
Batting: LHB Ricardo Sandoval
|
0-0: Ball 1-0: Called Strike 1-1: Foul Ball, location: 2F 1-2: Ball 2-2: Ball 3-2: Ground out 4-3 (Groundball, 4M, EV 103.1 MPH)
|
Top of the 9th over - 0 runs, 1 hit, 0 errors, 1 left on base; Fresno State University 6 - UCLA 5 |
BOTTOM OF THE 9TH |
UCLA Bruins batting - Pitching for Fresno State University Bulldogs : LHP Craig Courcha
|
Pitching: RHP Francisco Santos
|
|
Now at 3B: Mike Fermin
|
|
Batting: LHB Mark Cummings
|
0-0: Swinging Strike 0-1: Foul Ball, location: 2F 0-2: SINGLE (Groundball, 25, EV 73.8 MPH) (infield hit)
|
Pinch Hitting: RHB Roman Lauder
|
0-0: Called Strike 0-1: Ball 1-1: Swinging Strike 1-2: Ball 2-2: Strikes out looking
|
Batting: LHB Scott Mullett
|
0-0: Foul Ball, location: 2F 0-1: Grounds into double play, 3-6-1 (Groundball, 23, EV 78.1 MPH)
|
Bottom of the 9th over - 0 runs, 1 hit, 0 errors, 0 left on base; Fresno State University 6 - UCLA 5 |
|